 Dungeon Crawl Stone Soup version 0.22-a0-429-g97ce8ef (webtiles) character file.

128 Marenglen the Ducker (level 4, -2/24 HPs)
             Began as a Spriggan Berserker on May 25, 2018.
             Was a Believer of Trog.
             Killed by nerve-wracking pain
             ... invoked by an orc priest
              (13 damage)
             ... on level 2 of the Dungeon.
             The game lasted 00:06:09 (1975 turns).

Marenglen the Ducker (Spriggan Berserker)           Turns: 1975, Time: 00:06:10

Health: -2/24      AC:  2    Str: 14    XL:     4   Next: 86%
Magic:  5/5        EV: 21    Int:  8    God:    Trog [**....]
Gold:   93         SH:  0    Dex: 15    Spells: 3/3 levels left

rFire    . . .     SeeInvis +   d - +3 dagger (elec)
rCold    . . .     Gourm    .   (shield restricted)
rNeg     . . .     Faith    .   b - +0 animal skin
rPois    .         Spirit   .   (helmet restricted)
rElec    .         Reflect  .   (no cloak)
rCorr    +         Harm     .   (gloves unavailable)
MR       .....                  (boots unavailable)
Stlth    ++........             (no amulet)
HPRegen  0.08/turn              k - ring of resist corrosion
MPRegen  0.09/turn              (no ring)

@: very quick
A: very small, unfitting armour, see invisible, herbivore, speed 3, slow
metabolism 2
a: Berserk, Trog's Hand, Renounce Religion


You were on level 2 of the Dungeon.
You worshipped Trog.
Trog was pleased with you.
You were not hungry.

You visited 1 branch of the dungeon, and saw 2 of its levels.

You collected 93 gold pieces.

Inventory:

Hand Weapons
 a - a +0 hand axe
 d - a +3 dagger of electrocution (weapon)
Missiles
 n - 7 poisoned needles
Armour
 b - a +0 animal skin (worn)
Jewellery
 g - an uncursed ring of wizardry {unknown}
 k - a ring of resist corrosion (left hand)
Wands
 m - a wand of digging (16)
Scrolls
 h - 2 scrolls of enchant weapon
 l - a scroll of identify
 o - a scroll of teleportation
Potions
 e - a potion of heal wounds
 f - 2 potions of ambrosia
 i - a potion of flight
 j - a potion of resistance
 p - a potion of curing {unknown}
Comestibles
 c - 2 rations


   Skills:
 + Level 3.0 Fighting
 - Level 2.7 Axes
 * Level 6.5 Dodging
 + Level 2.9 Stealth


You had 3 spell levels left.
You didn't know any spells.
Your spell library was empty.

Dungeon Overview and Level Annotations

Branches:
Dungeon (2/15)

Altars:
Ashenzari
Kikubaaqudgha
Trog
Yredelemnul

Annotations:
D:2 2 transporters, Menkaure


Innate Abilities, Weirdness & Mutations

You are very small and have problems with some larger weapons.
You are too small for most types of armour.
You have supernaturally acute eyesight. (SInv)
You are a herbivore.
You cover ground extremely quickly.
You need to consume almost no food.


Message History

The orc wizard barely misses you.
You hit the orc wizard.
The orc wizard is lightly wounded.
The adder bites you. The orc wizard hits you with a dagger.
You miss the orc wizard.
The orc wizard is lightly wounded.
The adder completely misses you. The orc wizard casts a spell at you.
The puff of flame hits you!
Ouch! That really hurt!
The adder barely misses you.
Okay, then.
An orc priest comes into view.
The orc priest moves out of view.
An orc priest is nearby!
An orc priest is nearby!
The orc priest mumbles some strange prayers to Beogh against you.
Pain shoots through your body!
Ouch! That really hurt!
You die...

.# #.S.......###...)....##
.............# ##.....#..#
.######.####.####..####### .#
#...#....)#.## #
#########)...##....##8...
......###....###...##....
..(....#()...###.#.#8....
.....#........##.####....
..S..#........##@# ##8...
.....#......o....# ##_#
..............##.##########
..........................###
###..........................
#.##........###........####
............###........#
....##................>..#
....# ......##.........#


You could see an orc priest.

Vanquished Creatures
  An orc wizard (D:2)
  A gnoll (D:1)
  4 adders (D:2)
  A worm (D:2)
  3 dart slugs
  3 leopard geckos
  3 bats
  2 giant cockroaches
  4 goblins
  5 hobgoblins
  6 kobolds
  2 quokkas (D:2)
  7 frilled lizards
  5 rats
47 creatures vanquished.

Notes
Turn   | Place    | Note
-------+----------+-------------------------------------------
     0 | D:1      | Marenglen the Spriggan Berserker began the quest for the Orb.
     0 | D:1      | Reached XP level 1. HP: 11/11 MP: 2/2
   328 | D:1      | Reached XP level 2. HP: 16/16 MP: 3/3
   547 | D:1      | Reached skill level 5 in Dodging
  1002 | D:2      | Reached skill level 1 in Stealth
  1002 | D:2      | Reached XP level 3. HP: 19/19 MP: 4/4
  1022 | D:2      | Found a shattered altar of Ashenzari.
  1415 | D:2      | Reached ** piety under Trog
  1415 | D:2      | Reached XP level 4. HP: 23/23 MP: 5/5
  1566 | D:2      | Reached skill level 6 in Dodging
  1863 | D:2      | Found a bloodstained altar of Trog.
  1888 | D:2      | Found a basalt altar of Yredelemnul.
  1889 | D:2      | Found a transporter.
  1912 | D:2      | Found a transporter.
  1912 | D:2      | Found an ancient bone altar of Kikubaaqudgha.
  1923 | D:2      | Noticed Menkaure
  1975 | D:2      | Killed from afar by an orc priest

Vault maps used:
D:1:      minmay_arrival_semitransparent
D:2:      lemuel_coloured_pillars_altar, nicolae_overflow_hidden_temple,
          gammafunk_temple_of_torment, uniq_crazy_yiuf_cottage

Skill      XL: |  1  2  3  4 |
---------------+-------------+-----
Dodging        | 5 6 |  6.5
Stealth        | 1 2 |  2.9
Fighting       | 3 |  3.0
Axes           | |  2.7

Action                   |  1- 3 |  4- 6 || total
-------------------------+-------+-------++-------
Melee: Dagger            |    61 |    59 ||   120
Invok: Berserk           |     3 |       ||     3
       Trog's Hand       |       |     1 ||     1
  Use: Scroll            |     6 |     1 ||     7
 Stab: Sleeping          |     4 |       ||     4
       Distracted        |     1 |       ||     1
  Eat: Ration            |     1 |       ||     1
Armor: Animal skin       |     1 |     2 ||     3
Dodge: Dodged            |    40 |    49 ||    89

Table legend:
 A = Spawn XP
 B = Non-spawn XP
 C = Spawn XP percentage of total XP
 D = Spawn monster count
 E = Non-spawn monster count
 F = Spawn count percentage of total count
 G = Total turns spent on level
                    A         B        C        D         E        F      G
               +---------+---------+-------+---------+---------+-------+---------
         Total |       0 |     183 |   0.0 |       0 |      47 |   0.0 |  1975
               +---------+---------+-------+---------+---------+-------+---------
           D:1 |       0 |      51 |   0.0 |       0 |      22 |   0.0 |  1321
           D:2 |       0 |     132 |   0.0 |       0 |      25 |   0.0 |   654
               +---------+---------+-------+---------+---------+-------+---------
